Rangers vs Ducks

Created - December 6 2010 at 19:20

Goals
1 2 3 T
Rangers 2 0 0 2
Ducks 0 1 2 3
Shots
1 2 3 T
Rangers 13 4 17 34
Ducks 7 7 6 20

Period #1

1. Rangers , Lubomir Visnovsky 6 (Keith Ballard, Andrei Kostitsyn) at 13:25 (PP)
2. Rangers , Dustin Penner 5 (Lubomir Visnovsky, Scott Gomez) at 15:35 (PP)

Penalties :
Blair Betts (NYR) for Tripping (Minor) at 1:49, David Clarkson (ANA) for Hooking (Minor) at 1:58, Keith Ballard (NYR) for Hooking (Minor) at 6:41, Dustin Byfuglien (ANA) for Hooking (Minor) at 13:17, Kurtis Foster (ANA) for Tripping (Minor) at 14:15, Mark Recchi (NYR) for Interference (Minor) at 19:11

Period #2

3. Ducks , Kurtis Foster 6 (Jonathan Toews, Bobby Ryan) at 11:06 (PP)

Penalties :
Andy Sutton (NYR) for Diving (Minor) at 1:52, Rob Scuderi (ANA) for High sticking (Minor) at 6:40, Dustin Penner (NYR) for Hooking (Minor) at 10:20, David Perron (ANA) for Holding Stick (Minor) at 11:19, Nick Schultz (ANA) for High sticking (Minor) at 11:40, Kurtis Foster (ANA) for High sticking (Minor) at 14:09, Keith Ballard (NYR) for Slashing (Minor) at 17:03

Period #3

4. Ducks , Bobby Ryan 16 (Tom Poti, Rob Scuderi) at 15:46
5. Ducks , Marc-Edouard Vlasic 3 (Andy McDonald, Dustin Byfuglien) at 19:40 (PP)

Penalties :
Dustin Byfuglien (ANA) for Tripping (Minor) at 0:19, Kurtis Foster (ANA) for Tripping (Minor) at 2:34, Evander Kane (NYR) for Interference (Minor) at 5:53, Rob Scuderi (ANA) for High sticking (Minor) at 8:24, Andy Sutton (NYR) for Roughing (Minor) at 11:33, Bobby Ryan (ANA) for Hooking (Minor) at 15:49, Marc-Edouard Vlasic (ANA) for Hooking (Minor) at 17:18, Bill Guerin (NYR) for Roughing (Minor) at 19:20

Goalie Stats

Chris Mason (NYR), 17 saves from 20 shots - (0.850), L, 8-16-1, 60:00 minutes
Jonas Hiller (ANA), 32 saves from 34 shots - (0.941), W, 7-7-0, 60:00 minutes

Players Stats

Rangers
Player Name              G  A  P  +/- PIM S  H  SB FO    MP 
------------------------------------------------------------
Andrei Kostitsyn         0  1  1  -1  0   2  0  0  1/1   17 
Andy Sutton              0  0  0  -1  4   0  2  0  0/0   10 
Bill Guerin              0  0  0   0  2   4  0  0  0/0   9  
Blair Betts              0  0  0   0  2   3  2  0  14/22 20 
Dan Cleary               0  0  0   0  0   1  3  0  1/1   21 
Dustin Penner            1  0  1   0  2   3  0  0  0/1   15 
Evander Kane             0  0  0   0  2   0  1  0  0/2   7  
Jeff Finger              0  0  0   0  0   0  0  0  0/0   20 
Keith Ballard            0  1  1   0  4   3  4  1  0/0   23 
Lubomir Visnovsky        1  1  2  -1  0   7  0  1  0/0   21 
Mark Recchi              0  0  0  -1  2   1  0  0  0/0   13 
Mike Weaver              0  0  0   0  0   0  0  1  0/0   17 
Mikko Koivu              0  0  0   0  0   1  0  0  12/23 14 
Patrick OSullivan        0  0  0  -1  0   1  0  0  1/5   13 
Scott Gomez              0  1  1   0  0   0  1  2  15/20 21 
Teemu Selanne            0  0  0   0  0   3  0  0  2/3   14 
Tom Pyatt                0  0  0   0  0   3  0  0  2/6   7  
Trevor Daley             0  0  0   0  0   2  0  1  0/0   23 
Ducks
Player Name              G  A  P  +/- PIM S  H  SB FO    MP 
------------------------------------------------------------
Andy McDonald            0  1  1   0  0   2  0  0  11/22 14 
Bobby Ryan               1  1  2   1  2   5  1  0  0/0   14 
Bryan Little             0  0  0   0  0   0  0  0  1/1   4  
Christian Hanson         0  0  0   0  0   0  0  1  5/13  11 
David Clarkson           0  0  0   0  2   0  3  0  0/1   13 
David Perron             0  0  0   0  2   1  1  0  0/0   12 
Dominic Moore            0  0  0   0  0   1  0  0  0/1   13 
Dustin Byfuglien         0  1  1   1  4   1  3  0  1/4   14 
Henrik Tallinder         0  0  0   0  0   0  0  1  0/0   18 
Jakub Voracek            0  0  0   0  0   1  0  0  0/1   12 
Jonathan Toews           0  1  1   1  0   1  0  0  7/20  18 
Kurtis Foster            1  0  1   0  6   2  0  0  0/0   17 
Manny Malhotra           0  0  0   0  0   0  1  0  9/19  17 
Marc-Edouard Vlasic      1  0  1   0  2   3  1  0  0/0   22 
Nick Schultz             0  0  0   0  2   1  1  1  0/0   22 
Richard Park             0  0  0   0  0   1  0  0  2/2   19 
Rob Scuderi              0  1  1   1  4   0  0  3  0/0   17 
Tom Poti                 0  1  1   1  0   1  1  1  0/0   22 

3 Stars

1 - Bobby Ryan (ANA)
2 - Lubomir Visnovsky (NYR)
3 - Jonas Hiller (ANA)

Power Play

Rangers - 2 on 12 Attempt(s) - 16.67%
Ducks - 2 on 9 Attempt(s) - 22.22%

Penalty Kill

Rangers - 7 on 9 Attempt(s) - 77.78% - Score 0 goal in Penalty Kill
Ducks - 10 on 12 Attempt(s) - 83.33% - Score 0 goal in Penalty Kill

Game Notes

Christian Hanson is injured at 15:51 of 3rd period (Broken Bone (Left Arm))

Finance

Level 1 -- Attendance: 4842 (74.49%) -- Ticket Income $484,200.00
Level 2 -- Attendance: 3582 (71.64%) -- Ticket Income $214,920.00
Level 3 -- Attendance: 2989 (85.40%) -- Ticket Income $104,615.00
Level 4 -- Attendance: 1174 (100.00%) -- Ticket Income $23,480.00
Luxury Box -- Attendance: 723 (72.30%) -- Ticket Income $144,600.00
Game was played at the Honda Center
Total Attendance: 13310 (77.50%)
Total Ticket Income: $1,021,518.00
Other Income: $205,206.30
Total Income: $1,226,724.00


Play by Play

Period #1

0:01 of 1st period - Mikko Koivu wins face-off versus Jonathan Toews in neutral zone.
0:03 of 1st period - Teemu Selanne is hit by Marc-Edouard Vlasic and loses puck.
0:09 of 1st period - Teemu Selanne is hit by Tom Poti and loses puck.
0:31 of 1st period - Jonathan Toews is hit by Keith Ballard and loses puck.
1:14 of 1st period - Shot by Jeff Finger.
1:14 of 1st period - Shot Misses the Net.
1:16 of 1st period - Shot by Trevor Daley.
1:16 of 1st period - Stopped by Jonas Hiller without a rebound.
1:17 of 1st period - Manny Malhotra wins face-off versus Blair Betts in Ducks zone.
1:17 of 1st period - Jakub Voracek is hit by Blair Betts.
1:29 of 1st period - David Perron is hit by Andy Sutton and loses puck.
1:34 of 1st period - Shot by Jakub Voracek.
1:34 of 1st period - Shot Misses the Net.
1:49 of 1st period - Minor Penalty to Blair Betts for Tripping.
1:50 of 1st period - Andy McDonald wins face-off versus Patrick OSullivan in Rangers zone.
1:58 of 1st period - Minor Penalty to David Clarkson for Hooking.
1:59 of 1st period - Scott Gomez wins face-off versus Jonathan Toews in Ducks zone.
2:32 of 1st period - Shot by Jonathan Toews.
2:32 of 1st period - Shot Misses the Net.
2:41 of 1st period - Icing by Scott Gomez.
2:42 of 1st period - Scott Gomez wins face-off versus Dustin Byfuglien in Rangers zone.
3:02 of 1st period - Shot by Dan Cleary.
3:02 of 1st period - Shot Misses the Net.
3:04 of 1st period - Shot by Dustin Penner.
3:04 of 1st period - Shot Misses the Net.
3:06 of 1st period - Shot by Dan Cleary.
3:06 of 1st period - Shot Blocked by Tom Poti.
3:15 of 1st period - Icing by Tom Poti.
3:16 of 1st period - Dustin Byfuglien wins face-off versus Dustin Penner in Ducks zone.
3:36 of 1st period - Shot by Dustin Penner.
3:36 of 1st period - Shot Misses the Net.
3:52 of 1st period - Shot by Christian Hanson.
3:52 of 1st period - Shot Misses the Net.
4:27 of 1st period - Shot by Andrei Kostitsyn.
4:27 of 1st period - Stopped by Jonas Hiller without a rebound.
4:28 of 1st period - Tom Pyatt wins face-off versus Christian Hanson in Ducks zone.
4:31 of 1st period - Shot by Bill Guerin.
4:31 of 1st period - Stopped by Jonas Hiller without a rebound.
4:32 of 1st period - Christian Hanson wins face-off versus Tom Pyatt in Ducks zone.
4:41 of 1st period - Shot by Bill Guerin.
4:41 of 1st period - Stopped by Jonas Hiller without a rebound.
4:42 of 1st period - Scott Gomez wins face-off versus Andy McDonald in Ducks zone.
4:43 of 1st period - Shot by Dustin Penner.
4:43 of 1st period - Stopped by Jonas Hiller without a rebound.
4:44 of 1st period - Andy McDonald wins face-off versus Tom Pyatt in Ducks zone.
4:44 of 1st period - Andy McDonald is hit by Evander Kane.
4:56 of 1st period - Shot by Tom Pyatt.
4:56 of 1st period - Stopped by Jonas Hiller without a rebound.
4:57 of 1st period - Scott Gomez wins face-off versus Manny Malhotra in Ducks zone.
5:00 of 1st period - Shot by Dustin Penner.
5:00 of 1st period - Deflect By Scott Gomez.
5:00 of 1st period - Shot Misses the Net.
5:16 of 1st period - Shot by Scott Gomez.
5:16 of 1st period - Shot Blocked by Rob Scuderi.
5:18 of 1st period - Shot by Trevor Daley.
5:18 of 1st period - Shot Blocked by Rob Scuderi.
5:20 of 1st period - Shot by Scott Gomez.
5:20 of 1st period - Shot Misses the Net.
5:56 of 1st period - Shot by Bobby Ryan.
5:56 of 1st period - Deflect By Jonathan Toews.
5:56 of 1st period - Shot Misses the Net.
5:58 of 1st period - Shot by Bobby Ryan.
5:58 of 1st period - Shot Misses the Net.
6:41 of 1st period - Minor Penalty to Keith Ballard for Hooking.
6:42 of 1st period - Andy McDonald wins face-off versus Mikko Koivu in Rangers zone.
7:50 of 1st period - Shot by Marc-Edouard Vlasic.
7:50 of 1st period - Stopped by Chris Mason without a rebound.
7:51 of 1st period - Mikko Koivu wins face-off versus Jonathan Toews in Rangers zone.
8:07 of 1st period - Shot by Kurtis Foster.
8:07 of 1st period - Shot Misses the Net.
8:09 of 1st period - Shot by Jonathan Toews.
8:09 of 1st period - Stopped by Chris Mason with a rebound.
8:13 of 1st period - Shot by Bobby Ryan.
8:13 of 1st period - Stopped by Chris Mason without a rebound.
8:14 of 1st period - Patrick OSullivan wins face-off versus Andy McDonald in Rangers zone.
9:33 of 1st period - Shot by Blair Betts.
9:33 of 1st period - Shot Misses the Net.
10:33 of 1st period - Icing by Henrik Tallinder.
10:34 of 1st period - Andy McDonald wins face-off versus Mikko Koivu in Ducks zone.
10:34 of 1st period - Andy McDonald is hit by Dan Cleary.
11:17 of 1st period - Mikko Koivu is hit by Dustin Byfuglien.
11:28 of 1st period - Icing by Marc-Edouard Vlasic.
11:29 of 1st period - Blair Betts wins face-off versus Jonathan Toews in Ducks zone.
11:58 of 1st period - Shot by Andrei Kostitsyn.
11:58 of 1st period - Shot Misses the Net.
12:00 of 1st period - Shot by Mark Recchi.
12:00 of 1st period - Deflect By Blair Betts.
12:00 of 1st period - Stopped by Jonas Hiller with a rebound.
12:04 of 1st period - Shot by Mark Recchi.
12:04 of 1st period - Shot Misses the Net.
12:31 of 1st period - Shot by Dustin Penner.
12:31 of 1st period - Stopped by Jonas Hiller without a rebound.
12:32 of 1st period - Tom Pyatt wins face-off versus Andy McDonald in Ducks zone.
13:02 of 1st period - Shot by Andy McDonald.
13:02 of 1st period - Stopped by Chris Mason without a rebound.
13:03 of 1st period - Scott Gomez wins face-off versus Jonathan Toews in Rangers zone.
13:03 of 1st period - Scott Gomez is hit by Dustin Byfuglien.
13:13 of 1st period - Blair Betts is hit by Dustin Byfuglien and loses puck.
13:17 of 1st period - Minor Penalty to Dustin Byfuglien for Hooking.
13:18 of 1st period - Scott Gomez wins face-off versus Christian Hanson in Ducks zone.
13:25 of 1st period - Shot by Lubomir Visnovsky.
13:25 of 1st period - Goal by Lubomir Visnovsky - Rangers : 1 - Ducks : 0.
13:26 of 1st period - Jonathan Toews wins face-off versus Mikko Koivu in neutral zone.
13:39 of 1st period - Shot by Bobby Ryan.
13:39 of 1st period - Shot Misses the Net.
13:42 of 1st period - Icing by Mike Weaver.
13:43 of 1st period - Mikko Koivu wins face-off versus Manny Malhotra in Rangers zone.
13:43 of 1st period - Mikko Koivu is hit by David Perron.
14:15 of 1st period - Minor Penalty to Kurtis Foster for Tripping.
14:16 of 1st period - Blair Betts wins face-off versus Christian Hanson in Ducks zone.
14:38 of 1st period - Teemu Selanne is hit by Nick Schultz and loses puck.
14:43 of 1st period - Shot by Blair Betts.
14:43 of 1st period - Stopped by Jonas Hiller without a rebound.
14:44 of 1st period - Manny Malhotra wins face-off versus Scott Gomez in Ducks zone.
15:11 of 1st period - Off-side.
15:12 of 1st period - Scott Gomez wins face-off versus Manny Malhotra in neutral zone.
15:33 of 1st period - Shot by Lubomir Visnovsky.
15:33 of 1st period - Stopped by Jonas Hiller with a rebound.
15:35 of 1st period - Shot by Dustin Penner.
15:35 of 1st period - Goal by Dustin Penner - Rangers : 2 - Ducks : 0.
15:36 of 1st period - Richard Park wins face-off versus Tom Pyatt in neutral zone.
16:15 of 1st period - Shot by Evander Kane.
16:15 of 1st period - Deflect By Tom Pyatt.
16:15 of 1st period - Stopped by Jonas Hiller without a rebound.
16:16 of 1st period - Jonathan Toews wins face-off versus Mikko Koivu in Ducks zone.
16:32 of 1st period - Shot by Jonathan Toews.
16:32 of 1st period - Deflect By Bobby Ryan.
16:32 of 1st period - Shot Blocked by Keith Ballard.
17:38 of 1st period - Shot by Jakub Voracek.
17:38 of 1st period - Stopped by Chris Mason without a rebound.
17:39 of 1st period - Scott Gomez wins face-off versus Andy McDonald in Rangers zone.
19:11 of 1st period - Minor Penalty to Mark Recchi for Interference.
19:12 of 1st period - Jonathan Toews wins face-off versus Mikko Koivu in Rangers zone.
19:31 of 1st period - Shot by Kurtis Foster.
19:31 of 1st period - Stopped by Chris Mason without a rebound.
19:32 of 1st period - Mikko Koivu wins face-off versus Andy McDonald in Rangers zone.
19:54 of 1st period - David Clarkson is hit by Keith Ballard.
19:56 of 1st period - Shot by Andy McDonald.
19:56 of 1st period - Shot Hit the Post.
19:58 of 1st period - Shot by Nick Schultz.
19:58 of 1st period - Stopped by Chris Mason with a rebound.

Period #2

0:01 of 2nd period - Blair Betts wins face-off versus Dustin Byfuglien in neutral zone.
0:13 of 2nd period - Shot by Bobby Ryan.
0:13 of 2nd period - Stopped by Chris Mason without a rebound.
0:14 of 2nd period - Andy McDonald wins face-off versus Blair Betts in Rangers zone.
0:51 of 2nd period - Shot by Andy McDonald.
0:51 of 2nd period - Shot Misses the Net.
0:58 of 2nd period - Icing by Nick Schultz.
0:59 of 2nd period - Andy McDonald wins face-off versus Mikko Koivu in Ducks zone.
1:37 of 2nd period - Icing by Lubomir Visnovsky.
1:38 of 2nd period - Blair Betts wins face-off versus Jonathan Toews in Rangers zone.
1:42 of 2nd period - Marc-Edouard Vlasic is hit by Andy Sutton and loses puck.
1:52 of 2nd period - Minor Penalty to Andy Sutton for Diving.
1:53 of 2nd period - Mikko Koivu wins face-off versus Jonathan Toews in Rangers zone.
2:05 of 2nd period - Off-side.
2:06 of 2nd period - Mikko Koivu wins face-off versus Andy McDonald in neutral zone.
2:49 of 2nd period - Icing by Nick Schultz.
2:50 of 2nd period - Andy McDonald wins face-off versus Blair Betts in Ducks zone.
5:15 of 2nd period - Dustin Penner is hit by David Clarkson and loses puck.
5:46 of 2nd period - Icing by Dustin Penner.
5:47 of 2nd period - Scott Gomez wins face-off versus Jonathan Toews in Rangers zone.
6:13 of 2nd period - Icing by Tom Poti.
6:14 of 2nd period - Jonathan Toews wins face-off versus Mikko Koivu in Ducks zone.
6:40 of 2nd period - Minor Penalty to Rob Scuderi for High sticking.
6:41 of 2nd period - Andrei Kostitsyn wins face-off versus Christian Hanson in Ducks zone.
6:44 of 2nd period - Shot by Blair Betts.
6:44 of 2nd period - Shot Misses the Net.
6:46 of 2nd period - Shot by Andrei Kostitsyn.
6:46 of 2nd period - Shot Blocked by Christian Hanson.
6:50 of 2nd period - Shot by Keith Ballard.
6:50 of 2nd period - Stopped by Jonas Hiller without a rebound.
6:51 of 2nd period - Dan Cleary wins face-off versus Christian Hanson in Ducks zone.
6:56 of 2nd period - Shot by Teemu Selanne.
6:56 of 2nd period - Shot Misses the Net.
6:58 of 2nd period - Shot by Dan Cleary.
6:58 of 2nd period - Stopped by Jonas Hiller with a rebound.
7:00 of 2nd period - Shot by Keith Ballard.
7:00 of 2nd period - Stopped by Jonas Hiller with a rebound.
8:03 of 2nd period - Icing by Scott Gomez.
8:04 of 2nd period - Scott Gomez wins face-off versus Manny Malhotra in Rangers zone.
8:50 of 2nd period - Shot by Mark Recchi.
8:50 of 2nd period - Shot Blocked by Rob Scuderi.
8:53 of 2nd period - Icing by Rob Scuderi.
8:54 of 2nd period - Mikko Koivu wins face-off versus Manny Malhotra in Ducks zone.
10:20 of 2nd period - Minor Penalty to Dustin Penner for Hooking.
10:21 of 2nd period - Mikko Koivu wins face-off versus Andy McDonald in Rangers zone.
10:40 of 2nd period - Tom Poti is hit by Keith Ballard and loses puck.
10:43 of 2nd period - Shot by David Clarkson.
10:43 of 2nd period - Shot Misses the Net.
10:45 of 2nd period - Shot by Richard Park.
10:45 of 2nd period - Stopped by Chris Mason without a rebound.
10:46 of 2nd period - Jonathan Toews wins face-off versus Patrick OSullivan in Rangers zone.
11:02 of 2nd period - Shot by Jonathan Toews.
11:02 of 2nd period - Shot Misses the Net.
11:06 of 2nd period - Shot by Kurtis Foster.
11:06 of 2nd period - Goal by Kurtis Foster - Rangers : 2 - Ducks : 1.
11:07 of 2nd period - Manny Malhotra wins face-off versus Evander Kane in neutral zone.
11:19 of 2nd period - Minor Penalty to David Perron for Holding Stick.
11:20 of 2nd period - Christian Hanson wins face-off versus Scott Gomez in Ducks zone.
11:40 of 2nd period - Minor Penalty to Nick Schultz for High sticking.
11:41 of 2nd period - Manny Malhotra wins face-off versus Blair Betts in Ducks zone.
12:00 of 2nd period - Shot by Teemu Selanne.
12:00 of 2nd period - Stopped by Jonas Hiller without a rebound.
12:01 of 2nd period - Manny Malhotra wins face-off versus Scott Gomez in Ducks zone.
12:53 of 2nd period - Shot by Jeff Finger.
12:53 of 2nd period - Shot Misses the Net.
14:09 of 2nd period - Minor Penalty to Kurtis Foster for High sticking.
14:10 of 2nd period - Scott Gomez wins face-off versus Christian Hanson in Ducks zone.
14:15 of 2nd period - Shot by Scott Gomez.
14:15 of 2nd period - Shot Blocked by Nick Schultz.
15:15 of 2nd period - Henrik Tallinder is hit by Dan Cleary and loses puck.
16:39 of 2nd period - Shot by David Perron.
16:39 of 2nd period - Stopped by Chris Mason without a rebound.
16:40 of 2nd period - Mikko Koivu wins face-off versus Andy McDonald in Rangers zone.
16:40 of 2nd period - Mikko Koivu is hit by Bobby Ryan.
16:43 of 2nd period - Icing by Dan Cleary.
16:44 of 2nd period - Andy McDonald wins face-off versus Teemu Selanne in Rangers zone.
16:44 of 2nd period - Andy McDonald is hit by Keith Ballard.
17:03 of 2nd period - Minor Penalty to Keith Ballard for Slashing.
17:04 of 2nd period - Blair Betts wins face-off versus Jonathan Toews in Rangers zone.
17:19 of 2nd period - Shot by Kurtis Foster.
17:19 of 2nd period - Shot Blocked by Trevor Daley.
17:21 of 2nd period - Shot by Bobby Ryan.
17:21 of 2nd period - Stopped by Chris Mason without a rebound.
17:22 of 2nd period - Blair Betts wins face-off versus Jonathan Toews in Rangers zone.
17:31 of 2nd period - Jonathan Toews is hit by Blair Betts and loses puck.
18:16 of 2nd period - Shot by Andy McDonald.
18:16 of 2nd period - Stopped by Chris Mason with a rebound.
18:18 of 2nd period - Shot by Tom Poti.
18:18 of 2nd period - Shot Misses the Net.
18:20 of 2nd period - Shot by Tom Poti.
18:20 of 2nd period - Stopped by Chris Mason with a rebound.

Period #3

0:01 of 3rd period - Mikko Koivu wins face-off versus Jonathan Toews in neutral zone.
0:12 of 3rd period - Shot by Teemu Selanne.
0:12 of 3rd period - Shot Hit the Post.
0:14 of 3rd period - Shot by Keith Ballard.
0:14 of 3rd period - Stopped by Jonas Hiller with a rebound.
0:19 of 3rd period - Minor Penalty to Dustin Byfuglien for Tripping.
0:20 of 3rd period - Scott Gomez wins face-off versus Dominic Moore in Ducks zone.
0:33 of 3rd period - Shot by Lubomir Visnovsky.
0:33 of 3rd period - Stopped by Jonas Hiller without a rebound.
0:34 of 3rd period - Manny Malhotra wins face-off versus Blair Betts in Ducks zone.
2:34 of 3rd period - Minor Penalty to Kurtis Foster for Tripping.
2:35 of 3rd period - Blair Betts wins face-off versus Manny Malhotra in Ducks zone.
2:40 of 3rd period - Shot by Trevor Daley.
2:40 of 3rd period - Stopped by Jonas Hiller without a rebound.
2:41 of 3rd period - Manny Malhotra wins face-off versus Blair Betts in Ducks zone.
3:29 of 3rd period - Shot by Keith Ballard.
3:29 of 3rd period - Shot Misses the Net.
4:01 of 3rd period - Shot by Teemu Selanne.
4:01 of 3rd period - Stopped by Jonas Hiller with a rebound.
4:05 of 3rd period - Shot by Dan Cleary.
4:05 of 3rd period - Shot Misses the Net.
4:52 of 3rd period - Shot by Tom Pyatt.
4:52 of 3rd period - Shot Misses the Net.
5:02 of 3rd period - Shot by Evander Kane.
5:02 of 3rd period - Deflect By Tom Pyatt.
5:02 of 3rd period - Stopped by Jonas Hiller without a rebound.
5:03 of 3rd period - Bryan Little wins face-off versus Patrick OSullivan in Ducks zone.
5:05 of 3rd period - Icing by Tom Poti.
5:06 of 3rd period - Christian Hanson wins face-off versus Patrick OSullivan in Ducks zone.
5:48 of 3rd period - Shot by Bill Guerin.
5:48 of 3rd period - Shot Misses the Net.
5:53 of 3rd period - Minor Penalty to Evander Kane for Interference.
5:54 of 3rd period - Jonathan Toews wins face-off versus Mikko Koivu in Rangers zone.
6:13 of 3rd period - Shot by Dustin Byfuglien.
6:13 of 3rd period - Stopped by Chris Mason without a rebound.
6:14 of 3rd period - Blair Betts wins face-off versus Andy McDonald in Rangers zone.
6:34 of 3rd period - Icing by Rob Scuderi.
6:35 of 3rd period - Andy McDonald wins face-off versus Blair Betts in Ducks zone.
6:39 of 3rd period - Icing by Richard Park.
6:40 of 3rd period - Blair Betts wins face-off versus Andy McDonald in Ducks zone.
7:20 of 3rd period - Shot by Marc-Edouard Vlasic.
7:20 of 3rd period - Stopped by Chris Mason with a rebound.
7:57 of 3rd period - Shot by Dominic Moore.
7:57 of 3rd period - Stopped by Chris Mason without a rebound.
7:58 of 3rd period - Blair Betts wins face-off versus Jakub Voracek in Rangers zone.
7:58 of 3rd period - Blair Betts is hit by Manny Malhotra.
8:24 of 3rd period - Minor Penalty to Rob Scuderi for High sticking.
8:25 of 3rd period - Scott Gomez wins face-off versus Christian Hanson in Ducks zone.
8:28 of 3rd period - Shot by Lubomir Visnovsky.
8:28 of 3rd period - Stopped by Jonas Hiller without a rebound.
8:29 of 3rd period - Christian Hanson wins face-off versus Scott Gomez in Ducks zone.
8:40 of 3rd period - Shot by Andrei Kostitsyn.
8:40 of 3rd period - Stopped by Jonas Hiller without a rebound.
8:41 of 3rd period - Teemu Selanne wins face-off versus Christian Hanson in Ducks zone.
8:42 of 3rd period - Shot by Dan Cleary.
8:42 of 3rd period - Shot Misses the Net.
8:44 of 3rd period - Shot by Patrick OSullivan.
8:44 of 3rd period - Stopped by Jonas Hiller with a rebound.
8:46 of 3rd period - Shot by Teemu Selanne.
8:46 of 3rd period - Stopped by Jonas Hiller without a rebound.
8:47 of 3rd period - Teemu Selanne wins face-off versus Manny Malhotra in Ducks zone.
10:44 of 3rd period - Off-side.
10:45 of 3rd period - Mikko Koivu wins face-off versus Andy McDonald in neutral zone.
10:52 of 3rd period - Shot by Mikko Koivu.
10:52 of 3rd period - Shot Misses the Net.
10:54 of 3rd period - Shot by Mikko Koivu.
10:54 of 3rd period - Shot Misses the Net.
10:56 of 3rd period - Shot by Mikko Koivu.
10:56 of 3rd period - Stopped by Jonas Hiller without a rebound.
10:57 of 3rd period - Jonathan Toews wins face-off versus Evander Kane in Ducks zone.
11:20 of 3rd period - Shot by Evander Kane.
11:20 of 3rd period - Deflect By Bill Guerin.
11:20 of 3rd period - Stopped by Jonas Hiller without a rebound.
11:21 of 3rd period - Blair Betts wins face-off versus Manny Malhotra in Ducks zone.
11:33 of 3rd period - Minor Penalty to Andy Sutton for Roughing.
11:34 of 3rd period - Blair Betts wins face-off versus David Clarkson in Rangers zone.
11:34 of 3rd period - Blair Betts is hit by David Clarkson.
11:49 of 3rd period - Mike Weaver is hit by David Clarkson and loses puck.
12:21 of 3rd period - Shot by Jonathan Toews.
12:21 of 3rd period - Shot Misses the Net.
12:23 of 3rd period - Shot by Jonathan Toews.
12:23 of 3rd period - Shot Misses the Net.
12:25 of 3rd period - Shot by Jonathan Toews.
12:25 of 3rd period - Shot Blocked by Mike Weaver.
12:27 of 3rd period - Shot by Marc-Edouard Vlasic.
12:27 of 3rd period - Shot Misses the Net.
13:36 of 3rd period - Shot by Evander Kane.
13:36 of 3rd period - Shot Misses the Net.
13:40 of 3rd period - Shot by Mark Recchi.
13:40 of 3rd period - Stopped by Jonas Hiller without a rebound.
13:41 of 3rd period - Manny Malhotra wins face-off versus Tom Pyatt in Ducks zone.
15:46 of 3rd period - Shot by Bobby Ryan.
15:46 of 3rd period - Goal by Bobby Ryan - Rangers : 2 - Ducks : 2.
15:47 of 3rd period - Mikko Koivu wins face-off versus Jonathan Toews in neutral zone.
15:49 of 3rd period - Minor Penalty to Bobby Ryan for Hooking.
15:50 of 3rd period - Christian Hanson wins face-off versus Blair Betts in Ducks zone.
15:50 of 3rd period - Christian Hanson is hit by Dan Cleary.
15:51 of 3rd period - Christian Hanson from Ducks is injured at 15:51 of 3rd period (Broken Bone (Left Arm)).
15:52 of 3rd period - Blair Betts wins face-off versus Jonathan Toews in Ducks zone.
15:59 of 3rd period - Shot by Teemu Selanne.
15:59 of 3rd period - Shot Blocked by Henrik Tallinder.
16:03 of 3rd period - Shot by Blair Betts.
16:03 of 3rd period - Stopped by Jonas Hiller without a rebound.
16:04 of 3rd period - Blair Betts wins face-off versus Manny Malhotra in Ducks zone.
17:18 of 3rd period - Minor Penalty to Marc-Edouard Vlasic for Hooking.
17:19 of 3rd period - Scott Gomez wins face-off versus Dustin Byfuglien in Ducks zone.
17:20 of 3rd period - Shot by Lubomir Visnovsky.
17:20 of 3rd period - Stopped by Jonas Hiller with a rebound.
17:22 of 3rd period - Shot by Bill Guerin.
17:22 of 3rd period - Stopped by Jonas Hiller without a rebound.
17:23 of 3rd period - Manny Malhotra wins face-off versus Scott Gomez in Ducks zone.
17:34 of 3rd period - Shot by Lubomir Visnovsky.
17:34 of 3rd period - Stopped by Jonas Hiller with a rebound.
17:38 of 3rd period - Shot by Lubomir Visnovsky.
17:38 of 3rd period - Stopped by Jonas Hiller without a rebound.
17:39 of 3rd period - Scott Gomez wins face-off versus Manny Malhotra in Ducks zone.
17:40 of 3rd period - Shot by Dustin Penner.
17:40 of 3rd period - Shot Misses the Net.
19:20 of 3rd period - Minor Penalty to Bill Guerin for Roughing.
19:21 of 3rd period - Andy McDonald wins face-off versus Mikko Koivu in Rangers zone.
19:34 of 3rd period - Shot by Bobby Ryan.
19:34 of 3rd period - Shot Blocked by Scott Gomez.
19:38 of 3rd period - Shot by Andy McDonald.
19:38 of 3rd period - Shot Blocked by Scott Gomez.
19:40 of 3rd period - Shot by Marc-Edouard Vlasic.
19:40 of 3rd period - Goal by Marc-Edouard Vlasic - Rangers : 2 - Ducks : 3.
19:41 of 3rd period - Andy McDonald wins face-off versus Mikko Koivu in neutral zone.
19:52 of 3rd period - Shot by Bobby Ryan.
19:52 of 3rd period - Stopped by Chris Mason without a rebound.
19:53 of 3rd period - Richard Park wins face-off versus Mikko Koivu in Rangers zone.
19:53 of 3rd period - Richard Park is hit by Scott Gomez.
19:55 of 3rd period - Shot by Bobby Ryan.
19:55 of 3rd period - Shot Blocked by Lubomir Visnovsky.
19:57 of 3rd period - Shot by Richard Park.
19:57 of 3rd period - Shot Misses the Net.


Output by the SimonT Hockey Simulator (STHS) for Stephane Roy -- Original Page W3C XHTML 1.0 Valid